 Dungeon Crawl Stone Soup version 0.20.1-1-g8b1a95d (webtiles) character file.

26 heybroken the Ruffian (level 2, -6/23 HPs)
             Began as a Draconian Transmuter on Aug 4, 2017.
             Mangled by a worm (8 damage)
             ... on level 2 of the Dungeon.
             The game lasted 00:06:21 (1695 turns).

heybroken the Ruffian (Draconian Transmuter)        Turns: 1695, Time: 00:06:22

Health: -6/23      AC:  5    Str: 12    XL:     2   Next: 89%
Magic:  5/5        EV: 12    Int: 13    God:
Gold:   140        SH:  0    Dex: 11    Spells: 4/5 levels left

rFire    . . .     SeeInvis .   i - +0 spear
rCold    . . .     Gourm    .   (no shield)
rNeg     . . .     Faith    .   (armour unavailable)
rPois    .         Spirit   .   (helmet restricted)
rElec    .         Reflect  .   (no cloak)
rCorr    .         Harm     .   o - +0 pair of gloves
MR       .....                  (no boots)
Stlth    +.........             (no amulet)
Regen    0.1/turn               (no ring)
MPRegen  0.1/turn               (no ring)

@: no status effects
A: unfitting armour, cold-blooded, AC +4
a: no special abilities


You were on level 2 of the Dungeon.
You were not hungry.

You visited 1 branch of the dungeon, and saw 2 of its levels.

You collected 140 gold pieces.

Inventory:

Hand Weapons
 i - a +0 spear (weapon)
Missiles
 a - 44 arrows
Armour
 o - a +0 pair of gloves (worn)
Jewellery
 h - a cursed -2 ring of slaying {unknown}
Scrolls
 d - 3 scrolls of remove curse {unknown}
 k - 2 scrolls of identify {unknown}
 m - 2 scrolls of teleportation {unknown}
 n - a scroll of noise {unknown}
Potions
 e - a potion of flight {unknown}
 f - a potion of lignification {unknown}
 g - a potion of haste {unknown}
 l - a potion of agility {unknown}
Books
 b - a book of Changes

   Spells                             Type                      Level
   a - Beastly Appendage              Transmutation                1
   b - Sticks to Snakes               Transmutation                2
   c - Spider Form                    Transmutation/Poison         3
   d - Ice Form                       Ice/Transmutation            4
   e - Blade Hands                    Transmutation                5
Comestibles
 c - a bread ration
 j - a meat ration


   Skills:
 + Level 1.3 Fighting
 + Level 0.2 Polearms
 + Level 1.8 Dodging
 + Level 0.2 Stealth
 + Level 3.4 Unarmed Combat
 + Level 2.3 Spellcasting
 + Level 2.2 Transmutations


You had 4 spell levels left.
You knew the following spells:

 Your Spells              Type           Power        Failure   Level  Hunger
a - Beastly Appendage     Tmut           #.....       10%         1    #......


Dungeon Overview and Level Annotations

Branches:
Dungeon (2/15)

Altars:
Uskayaw


Innate Abilities, Weirdness & Mutations

Your plain brown scales are hard. (AC +4)
You cannot fit into any form of body armour.
You are cold-blooded and may be slowed by cold attacks.


Message History

You climb downwards.
There is a stone staircase leading up here.
You climb upwards.
There is a stone staircase leading down here.
You eat one of the 2 bread rations.
That bread ration really hit the spot!
You climb downwards.
There is a stone staircase leading up here.
The worm bites you!
You completely miss the worm. You hit the worm but do no damage.
The worm closely misses you.
You hit the worm.
Your tail-slap misses the worm.
The worm is moderately wounded.
The worm bites you!
* * * LOW HITPOINT WARNING * * *
You barely miss the worm.
The worm is moderately wounded.
You hit the worm.
The worm is moderately wounded.
The worm bites you!
You die...

........# #.# ........# #.#
####....# #.# #..>.# ###.# ######
#...######### #.#.........#
#.#.........# #.#.w.[.....#
#....@......#
################.################
#........(....##.#...............
#.###########.##.#.##############
#.#.............<#.##............
#.#.#....####.##.#.##.###########
#.#.#.##.# #......##.#
#.#...##.######.#####.#
#........##.......# #.#


You could see a worm.

Vanquished Creatures
  A leopard gecko (D:1)
  A ball python (D:2)
  3 bats (D:1)
  3 goblins (D:1)
  4 hobgoblins
  A quokka (D:2)
  A frilled lizard (D:2)
  6 kobolds (D:1)
  4 rats (D:1)
24 creatures vanquished.

Notes
Turn   | Place    | Note
-------+----------+-------------------------------------------
     0 | D:1      | heybroken the Draconian Transmuter began the quest for the Orb.
     0 | D:1      | Reached XP level 1. HP: 16/16 MP: 3/3
   217 | D:1      | Reached XP level 2. HP: 14/23 MP: 0/5
  1093 | D:2      | Found a faded altar of an unknown god.
  1261 | D:2      | Noticed a dagger
  1262 | D:2      | Noticed a dagger
  1266 | D:2      | Found a hide-covered altar of Uskayaw.
  1430 | D:2      | HP: 1/23 [worm (3)]
  1693 | D:2      | HP: 1/23 [worm (10)]
  1695 | D:2      | Mangled by a worm

Action                   || total
-------------------------++-------
Melee: Unarmed           ||    29
       Kick              ||     4
       Tailslap          ||    10
       Spear             ||    54
 Cast: Beastly Appendage ||     4
 Stab: Sleeping          ||     1
  Eat: Chunk             ||     2
       Bread ration      ||     1
Armor: Skin              ||    26
Dodge: Dodged            ||    64
